 Dungeon Sprint DCSS version 0.24-a0-243-g8f5f5cd (webtiles) character file.

Game seed: 11095603361367222433

0 MikeHunt the Sneak (level 1, -1/19 HPs)
             Began as a Naga Assassin on Apr 10, 2019.
             Slain by a river rat (7 damage)
             ... in the Dungeon (Sprint IV: "Fedhas' Mad Dash").
             The game lasted 00:00:28 (12 turns).

MikeHunt the Sneak (Naga Assassin)                    Turns: 12, Time: 00:00:29

Health: -1/19      AC:  2    Str: 13    XL:     1   Next: 10%
Magic:  1/1        EV:  9    Int: 11    God:
Gold:   0          SH:  0    Dex: 12    Spells: 0/0 levels left

rFire    . . .     SeeInvis +   b - +0 blowgun
rCold    . . .     Gourm    .   (no shield)
rNeg     . . .     Faith    .   c - +0 robe
rPois    +         Spirit   .   (no helmet)
rElec    .         Reflect  .   d - +0 cloak
rCorr    .         Harm     .   (no gloves)
MR       .....     NoTele   +   (no barding)
Stlth    +++.......             (no amulet)
HPRegen  0.06/turn              (no ring)
MPRegen  0.07/turn              (no ring)

@: very slow
A: large, see invisible, deformed body, poison resistance, slowness 2, slow
metabolism 1, spit poison 1, AC +0
a: Spit Poison


You were in the Dungeon.
You were not hungry.

You visited 1 branch

Inventory:

Hand Weapons
 a - a +2 dagger
 b - a +0 blowgun (weapon)
Missiles
 e - 5 poisoned needles (quivered)
 f - 2 curare-tipped needles
Armour
 c - a +0 robe (worn)
 d - a +0 cloak (worn)
Scrolls
 m - a scroll of blinking
Potions
 h - a potion of curing
 i - a potion of heal wounds
 j - a potion of haste
 k - 2 potions of magic
 l - a potion of berserk rage
Comestibles
 g - a ration


   Skills:
 - Level 2.0 Fighting
 + Level 2.3 Short Blades
 - Level 1.7 Throwing
 - Level 0.7 Dodging
 + Level 6.1 Stealth


You couldn't memorise any spells.
You didn't know any spells.
Your spell library was empty.

Dungeon Overview and Level Annotations

Branches:
Dungeon (1/1)

Altars:


Innate Abilities, Weirdness & Mutations

You cannot wear boots.
Your serpentine skin is tough. (AC +0)
You have supernaturally acute eyesight. (SInv)
Armour fits poorly on your strangely shaped body.
Your system is resistant to poisons. (rPois)
You cover ground very slowly.
You have a slow metabolism.
You can spit poison.


Message History

Firing (i - inventory. (/) - cycle)
e - 8 poisoned needles (quivered)
Press: ? - help, Shift-Dir - straight line, f/p - river rat
Aim: a river rat You shoot a poisoned needle.
The poisoned needle closely misses the river rat.
The river rat barely misses you.
Firing (i - inventory. (/) - cycle)
e - 7 poisoned needles (quivered)
Press: ? - help, Shift-Dir - straight line, f/p - river rat
Aim: a river rat You shoot a poisoned needle.
The poisoned needle hits the river rat.
The river rat is poisoned.
The river rat misses you.
Firing (i - inventory. (/) - cycle)
e - 6 poisoned needles (quivered)
Press: ? - help, Shift-Dir - straight line, f/p - river rat
Aim: a river rat (poisoned)
You shoot a poisoned needle.
The poisoned needle barely misses the river rat.
You have got your breath back.
The river rat bites you! The river rat bites you!
You die...

############
#<..P#.....#
#PP@r'(?..(+
#PPPP#.....#
############


You could see a river rat.

Vanquished Creatures
  A rat (D)
1 creature vanquished.

Notes
Turn   | Place    | Note
-------+----------+-------------------------------------------
     0 | D        | MikeHunt the Naga Assassin began the quest for the Orb.
     0 | D        | Reached XP level 1. HP: 19/19 MP: 1/1
     6 | D        | Reached skill level 6 in Stealth
    12 | D        | Slain by a river rat

Levels and vault maps discovered:
D:        dungeon_sprint_fedhas [sprint_temple]

Skill      XL: |  1 |
---------------+----+-----
Stealth        | 6 |  6.1
Fighting       | |  2.0
Short Blades   | |  2.3
Throwing       | |  1.7
Dodging        | |  0.7

Action                   || total
-------------------------++-------
 Fire: Blowgun           ||     3
 Abil: Spit Poison       ||     1
Dodge: Dodged            ||     2

Table legend:
 A = Non-vault XP
 B = Vault XP
 C = Vault XP percentage of total XP
 D = Non-vault monster count
 E = Vault monster count
 F = Vault count percentage of total count
                 A         B        C        D         E       F
            +---------+---------+-------+---------+---------+-------
      Total |       0 |       1 | 100.0 |       0 |       1 | 100.0
            +---------+---------+-------+---------+---------+-------
          D |       0 |       1 | 100.0 |       0 |       1 | 100.0
            +---------+---------+-------+---------+---------+-------
